 Dungeon Crawl Stone Soup version 0.28-a0-406-g4bac719ec2 (webtiles) character file.

Game seed: 10198727630668869331

1136 Decipherer the Ruffian (level 8, -4/68 HPs)
             Began as a Ghoul Berserker on Sept 4, 2021.
             Was a Priest of Trog.
             Slain by a killer bee (7 damage)
             ... on level 5 of the Dungeon.
             The game lasted 00:06:19 (5175 turns).

Decipherer the Ruffian (Ghoul Berserker)            Turns: 5175, Time: 00:06:19

Health: -4/68      AC:  4    Str: 21      XL:     8   Next: 36%
Magic:  7/7        EV: 12    Int:  2 (3)  God:    Trog [***...]
Gold:   70         SH:  0    Dex:  8 (9)  Spells: 7/7 levels left

rFire   + . .      SeeInvis .   x - +2 trident (vorpal)
rCold   + + +      Faith    .   (no shield)
rNeg    + + +      Spirit   .   a - +0 animal skin
rPois   ∞          Reflect  .   (no helmet)
rElec   .          Harm     .   n - scarf {rC+ rF+}
rCorr   .          Rampage  .   h - +0 pair of gloves
Will    ++...                   e - +0 pair of boots
Stlth   ++........              (no amulet)
HPRegen 1.00/turn               i - ring of protection from cold
MPRegen 0.10/turn               (no ring)

@: strong-willed, regenerating
A: claws 1, cold resistance 1, negative energy resistance 3, inhibited
regeneration, torment resistance 2
a: Renounce Religion, Trog's Hand


You were on level 5 of the Dungeon.
You worshipped Trog.
Trog was most pleased with you.
You visited 1 branch of the dungeon, and saw 5 of its levels.

You collected 226 gold pieces.
You spent 156 gold pieces at shops.

Inventory:

Hand Weapons
 x - a +2 vorpal trident (weapon)
Missiles
 o - 2 atropa-tipped darts
 r - 14 poisoned darts (quivered)
 s - 7 javelins
Armour
 a - a +0 animal skin (worn)
 d - a +0 cloak
 e - a +0 pair of boots (worn)
 h - a +0 pair of gloves (worn)
 n - a scarf of resistance (worn)
 t - a +2 chain mail of cold resistance
 u - a +0 pair of boots
Jewellery
 i - a ring of protection from cold (left hand)
 k - an amulet of guardian spirit
Wands
 w - a wand of paralysis (8)
Scrolls
 b - a scroll of teleportation {unknown}
 c - a scroll of magic mapping {unknown}
 f - a scroll of enchant armour {unknown}
 g - a scroll of summoning {unknown}
 j - 2 scrolls of fear {unknown}
 l - 4 scrolls of identify {unknown}
 m - 2 scrolls of vulnerability {unknown}
 p - a scroll of brand weapon {unknown}
 q - 2 scrolls of immolation {unknown}


   Skills:
 + Level 5.0 Fighting
 + Level 3.0 Throwing
 + Level 1.9 Armour
 + Level 4.3 Dodging
 + Level 2.4 Stealth
 + Level 7.7 Unarmed Combat
 + Level 0.6 Evocations


You had 7 spell levels left.
You didn't know any spells.
Your spell library contained the following spells:

 Spells                   Type           Power      Damage    Failure   Level
 Summon Small Mammal      Summ           0%         N/A       54%         1
 Call Canine Familiar     Summ           0%         N/A       89%         3
 Summon Guardian Golem    Hex/Summ       0%         N/A       89%         3


Dungeon Overview and Level Annotations

Branches:
Dungeon (5/15)
 Temple: D:4-7

Altars:
Dithmenos
Wu Jian
Xom
Zin

Shops:
D:4 (

Annotations:
D:5 1 transporter, paps's ghost, novice DsGl


Innate Abilities, Weirdness & Mutations

You thrive by killing the living.
You are immune to poison.
You have sharp fingernails.
Your flesh is cold resistant. (rC+)
You are immune to negative energy. (rN+++)
You do not regenerate when monsters are visible.
You are immune to unholy pain and torment.


Message History

The killer bee stings you. x2
You miss the killer bee.
The killer bee is lightly wounded.
The killer bee stings you. The killer bee misses you.
The killer bee barely misses you.
You miss the killer bee.
The killer bee is lightly wounded.
The killer bee stings you. x2; The killer bee closely misses you.
You closely miss the killer bee.
The killer bee is lightly wounded.
The killer bee stings you.
The killer bee stings you but does no damage.
You puncture the killer bee!
The killer bee is severely wounded.
The killer bee stings you. The killer bee completely misses you.
The killer bee stings you.
You miss the killer bee.
The killer bee is severely wounded.
The killer bee stings you!
* * * LOW HITPOINT WARNING * * *
The killer bee barely misses you.
Your skin crawls.
You feel strong-willed. The killer bee barely misses you.
The killer bee stings you.
* * * LOW HITPOINT WARNING * * *
You barely miss the killer bee. Your punch misses the killer bee.
The killer bee is severely wounded.
The killer bee stings you.
* * * LOW HITPOINT WARNING * * *
The killer bee stings you!
* * * LOW HITPOINT WARNING * * *
The killer bee stings you.
* * * LOW HITPOINT WARNING * * *
It was a potion of mutation.
You feel extremely strange.
Your body decomposes!
You feel clumsy.
Your body decomposes!
You feel dopey. The killer bee stings you!
You die...

##.#..###.###....#
#.#
#...#########...#
#>. #..###y#
#.###..# ###
#..##yyy#..(##..#
#
#..##W#.###.##..#
#
#(.##...#...##..#
#..#y#.#.#.#.#.(##
#..#$.#...#.y#...#
#.©#©.#.# #.@#©..#
##.#(.#.. #..#...#
#.#.#.#.#.#.#..##
#.##...#...##.)#
#.##.###.####..#
#.##...#...##..#
#.###.###.###..#
#..#########...#
##..###.###....#


You could see a killer bee.

Vanquished Creatures
  Menkaure (D:5)
  Edmund (D:5)
  2 black bears (D:4)
  A necrophage (D:4)
  A phantom (D:5)
  Blork the orc (D:5)
  A scorpion (D:5)
  A killer bee (D:5)
  A howler monkey (D:4)
  A bullfrog zombie (D:5)
  2 centaur zombies (D:5)
  A hound (D:5)
  2 iguanas (D:5)
  A hound zombie (D:5)
  A hound skeleton (D:4)
  3 gnolls (D:2)
  3 adders
  A white imp (D:5)
  2 ufetubi
  A dart slug (D:5)
  7 orcs
  4 bats
  8 endoplasms
  A giant cockroach (D:4)
  4 goblins
  8 hobgoblins
  6 jackals
  3 quokkas
  2 ball pythons
  3 frilled lizards
  4 kobolds
  6 rats
84 creatures vanquished.

Notes
Turn   | Place    | Note
-------+----------+-------------------------------------------
     0 | D:1      | Decipherer the Ghoul Berserker began the quest for the Orb.
     0 | D:1      | Reached XP level 1. HP: 19/19 MP: 0/0
   149 | D:1      | Reached XP level 2. HP: 21/26 MP: 1/1
  1015 | D:2      | Reached skill level 4 in Unarmed Combat
  1015 | D:2      | Reached XP level 3. HP: 22/33 MP: 2/2
  1308 | D:2      | Reached XP level 4. HP: 34/40 MP: 3/3
  1518 | D:2      | Reached ** piety under Trog
  1981 | D:3      | Reached skill level 1 in Stealth
  2034 | D:3      | Found a faded altar of an unknown god.
  2325 | D:3      | Found an ornate altar of the Wu Jian Council.
  2493 | D:4      | Noticed a necrophage
  2509 | D:4      | Killed a necrophage
  2510 | D:4      | Reached skill level 1 in Throwing
  2510 | D:4      | Reached skill level 5 in Unarmed Combat
  2510 | D:4      | Reached XP level 5. HP: 35/46 MP: 4/4
  2608 | D:4      | Found Yffoagg's Antique Weapon Emporium.
  2772 | D:4      | Noticed a black bear
  2794 | D:4      | Killed a black bear
  2795 | D:4      | Reached XP level 6. HP: 16/52 MP: 5/5
  3015 | D:4      | Found a shimmering altar of Xom.
  3088 | D:4      | Noticed a black bear
  3101 | D:4      | Killed a black bear
  3350 | D:4      | Reached skill level 6 in Unarmed Combat
  3350 | D:4      | Reached XP level 7. HP: 55/59 MP: 6/6
  3412 | D:4      | Found a shadowy altar of Dithmenos.
  3518 | D:5      | Entered Level 5 of the Dungeon
  3539 | D:5      | HP: 2/60 [ufetubus (2)]
  4016 | D:5      | Noticed Edmund
  4028 | D:5      | Killed Edmund
  4028 | D:5      | Reached *** piety under Trog
  4290 | D:5      | Noticed Blork the orc
  4299 | D:5      | Killed Blork the orc
  4348 | D:5      | Reached skill level 7 in Unarmed Combat
  4348 | D:5      | Reached XP level 8. HP: 26/67 MP: 7/7
  4887 | D:5      | Noticed Menkaure
  4894 | D:5      | Killed Menkaure
  4895 | D:5      | Reached skill level 5 in Fighting
  4986 | D:4      | Bought a runed trident for 156 gold pieces
  5077 | D:5      | Found a transporter.
  5082 | D:5      | Found a transporter.
  5119 | D:5      | Noticed paps's ghost (novice DsGl)
  5137 | D:5      | bees
  5174 | D:5      | HP: 2/68 [killer bee (4)]
  5175 | D:5      | Slain by a killer bee

Illustrated notes

##+##.........#....#'##
#.
#............<#....#.#
#.
#(............+....#.#
#.
#.....#####...##.###.###
## #.....# #...##.#
#...# #.....#
#...##.#####.#
#.....#####............#
###..##.........#.######
##.#..###@###....#
#...#########...#
#..###y# #y###..#
#..##yW.#...##..#
#..##y#.###.##..#
#(.##...#...##..#
#..#/#.#.#.#.#.(##
#..#$.#.y.#..#...#
#.©#©.#.# #.©#©..#


Turn 5137 on D:5: bees

Levels and vault maps discovered:
D:1:      erik_arrival_blinker_ship, layout_loops_ring
D:2:      layout_basic
D:3:      layout_basic, overflow_temple_1_default,
          shapermc_ecumenical_altar_pompeii
D:4:      layout_rooms, kennysheep_mini, lemuel_tele_altar, serial_shops, shop
D:5:      layout_basic, mainiacjoe_overflow_concentric_impassable,
          gammafunk_ghost_hive, uniq_edmund, uniq_menkaure, uniq_blork_the_orc

Skill      XL: |  1  2  3  4  5  6  7  8 |
---------------+-------------------------+-----
Unarmed Combat | 4 5 6 7 |  7.7
Fighting       | 4 5 |  5.0
Dodging        | 2 3 4 |  4.3
Stealth        | 1 2 |  2.4
Throwing       | 1 2 3 |  3.0
Armour         | |  1.9
Evocations     | |  0.6

Action                   |  1- 3 |  4- 6 |  7- 9 || total
-------------------------+-------+-------+-------++-------
Melee: Unarmed           |    69 |   182 |    84 ||   335
       Punch             |     1 |     2 |     3 ||     6
       Trident           |       |       |    17 ||    17
Throw: Dart              |     6 |    59 |    13 ||    78
Invok: Trog's Hand       |       |       |     1 ||     1
Evoke: Wand              |       |       |     6 ||     6
  Use: Potion            |       |       |     5 ||     5
 Stab: Invisible         |       |     3 |       ||     3
Armor: Animal skin       |     5 |    73 |    32 ||   110
Dodge: Dodged            |    37 |   138 |   100 ||   275

Table legend: (Time is in decaauts)
 A = Elapsed time spent in this place.
 B = Non-inter-level travel time spent in this place.
 C = Inter-level travel time spent in this place.
 D = Time resting spent in this place.
 E = Time spent auto-exploring this place.
 F = Levels seen in this place.
 G = Mean time per level.
                   A        B        C        D        E       F      G
               +--------+--------+--------+--------+--------+-----+--------+
         Total |   5145 |   4976 |    169 |      0 |   4204 |   5 | 1029.0 |
       Dungeon |   5145 |   4976 |    169 |      0 |   4204 |   5 | 1029.0 |
               +--------+--------+--------+--------+--------+-----+--------+

Top non-repeatable levels by time:
     D:4: 1354 daAuts
     D:5: 1322 daAuts
     D:2: 890 daAuts
     D:1: 793 daAuts
     D:3: 784 daAuts
